 Dungeon Crawl Stone Soup version 0.31-a0-880-g9a209b2425 (webtiles) character file.

Game seed: 5974867465252367251

354 Morbidden the Shooter (level 6, -1/48 HPs)
             Began as a Formicid Hunter on Oct 15, 2023.
             Slain by a centaur (3 damage)
             ... on level 4 of the Dungeon.
             The game lasted 00:04:41 (3653 turns).

Morbidden the Shooter (Formicid Hunter)             Turns: 3653, Time: 00:04:41

Health: -1/48      AC:  6    Str: 14 (16) XL:     6   Next: 94%
Magic:  0/6        EV: 12    Int:  7 (8)  God:
Gold:   224        SH:  0    Dex: 17 (19) Spells: 5/5 levels left

rFire   . . .        b - +1 dagger (venom)
rCold   . . .        (no shield)
rNeg    . . .        c - +0 leather armour
rPois   .            (helmet unavailable)
rElec   .            t - +2 cloak
rCorr   .            (no gloves)
SInv    +            (no boots)
Will    .....        j - amulet of guardian spirit
Stlth   ++           (no ring)
HPRegen 0.28/turn    (no ring)
MPRegen 0.10/turn

%: guardian spirit
@: no status effects
A: permanent stasis, dig shafts and tunnels, antennae 3, four strong arms
a: Dig, Shaft Self


You were on level 4 of the Dungeon.
You visited 1 branch of the dungeon, and saw 4 of its levels.

You collected 224 gold pieces.

Inventory:

Hand Weapons
 a - a +0 shortbow
 b - a +1 dagger of venom (weapon)
 p - a +0 long sword
Missiles
 n - 15 poisoned darts
Armour
 c - a +0 leather armour (worn)
 t - a +2 cloak (worn)
Jewellery
 j - an amulet of guardian spirit (around neck)
Talismans
 h - a beast talisman
Wands
 w - a wand of flame (15)
Scrolls
 e - a scroll of butterflies
 g - a scroll of enchant weapon {unknown}
 k - a scroll of fear {unknown}
 l - 3 scrolls of silence {unknown}
 m - a scroll of acquirement {unknown}
 q - a scroll of poison {unknown}
 r - 2 scrolls of identify {unknown}
 s - a scroll of teleportation {unknown}
 v - a scroll of noise {unknown}
Potions
 o - a potion of brilliance


   Skills:
 * Level 3.8 Fighting
 + Level 0.1(1.1) Short Blades
 * Level 1.9 Long Blades
 * Level 5.8 Ranged Weapons
 * Level 2.2 Armour
 * Level 2.2 Dodging
 + Level 1.6 Stealth
 * Level 0.8 Shapeshifting


You had 5 spell levels left.
You didn't know any spells.
Your spell library was empty.

Dungeon Overview and Level Annotations

Branches:
Dungeon (4/15)
 Temple: D:4-7

Altars:
Okawaru
Sif Muna


Innate Abilities, Weirdness & Mutations

You cannot be hasted, slowed, berserked, paralysed or teleported.
You can dig through walls and to a lower floor.
You have a pair of large antennae on your head. (SInv)
Your four strong arms can wield two-handed weapons with a shield.


Message History

The centaur completely misses you. The centaur closely misses you.
The centaur misses you. The centaur barely misses you. The centaur kicks you.
* * * LOW HITPOINT WARNING * * *
An endoplasm comes into view.
Unknown command.
You barely miss the centaur.
The centaur is heavily wounded.
The centaur completely misses you. The centaur closely misses you. x3
The centaur barely misses you.
The centaur kicks you but does no damage.
Unknown command.
Unknown command.
The endoplasm quivers.
You hit the centaur.
The centaur looks as sick as possible!
The centaur is severely wounded.
The centaur hits you but does no damage.
The centaur kicks you.
* * * LOW HITPOINT WARNING * * *
The centaur hits you.
* * * LOW HITPOINT WARNING * * *
The centaur kicks you but does no damage.
The centaur hits you.
* * * LOW HITPOINT WARNING * * *
The centaur barely misses you.
Unknown command.
Unknown command.
You hit the centaur but do no damage.
The centaur looks as sick as possible!
The centaur is severely wounded.
The centaur hits you but does no damage.
The centaur kicks you but does no damage.
The centaur barely misses you. The centaur closely misses you.
The centaur hits you but does no damage.
The centaur kicks you.
* * * LOW HITPOINT WARNING * * *
Unknown command.
Unknown command.
You hit the centaur.
The centaur looks as sick as possible!
The centaur is severely wounded.
The centaur hits you.
You die...

#....##. . ....... ###
{.# ......# ##.. ..
......## ##.. .#
.......## #..# ..
........# #.c#.#
......#.#######.@c.#
..<...#..........#...#
.........#######.#
...# ......##..# #..#
.## ......###.# #....
.. ......# #.## #.####
## ......# #..# ..#
......####.####.##
######..........#


You could see 2 centaurs.

Vanquished Creatures
  An orc priest (D:3)
  A hound (D:3)
  Jessica (D:2)
  2 orc wizards (D:3)
  8 gnolls
  3 adders (D:2)
  3 shadow imps (D:3)
  2 worms (D:3)
  2 dart slugs (D:2)
  4 endoplasms
  2 giant cockroaches
  12 goblins
  7 hobgoblins
  5 jackals
  14 kobolds
  4 quokkas
  5 ball pythons
  2 bats
  2 frilled lizards
  8 rats
88 creatures vanquished.

Notes
Turn   | Place    | Note
-------+----------+-------------------------------------------
     0 | D:1      | Morbidden the Formicid Hunter began the quest for the Orb.
     0 | D:1      | Reached XP level 1. HP: 16/16 MP: 1/1
   169 | D:1      | Reached XP level 2. HP: 23/23 MP: 2/2
   343 | D:1      | Reached XP level 3. HP: 20/28 MP: 3/3
   658 | D:1      | Found a faded altar of an unknown god.
   895 | D:2      | Reached skill level 1 in Long Blades
   951 | D:2      | Reached XP level 4. HP: 20/34 MP: 4/4
  1051 | D:2      | Reached skill level 1 in Armour
  1148 | D:2      | Found an iron altar of Okawaru.
  1464 | D:2      | Noticed Jessica
  1469 | D:2      | Killed Jessica
  1470 | D:2      | Reached XP level 5. HP: 41/41 MP: 5/5
  2088 | D:3      | Found a shimmering blue altar of Sif Muna.
  2320 | D:3      | Reached skill level 5 in Ranged Weapons
  2396 | D:3      | Found a transporter.
  2506 | D:3      | Reached XP level 6. HP: 47/47 MP: 6/6
  2844 | D:3      | Found a transporter.
  3320 | D:3      | HP: 2/48 [gnoll/+0 whip (3)]
  3652 | D:4      | HP: 2/48 [centaur (1)]
  3653 | D:4      | Slain by a centaur

Illustrated notes

Levels and vault maps discovered:
D:1:      shiori_arrival_maze, layout_rooms, shapermc_ecumenical_altar_petra
D:2:      layout_basic, basic_altar, kennysheep_jessica_study
D:3:      gammafunk_wand_slinger, layout_loops_ring, led_sif_book,
          minmay_misc_feat_rugged, chequers_serial_rivers_large_a, hex_large
D:4:      layout_rooms, minmay_temple_entry_statues, minivault_27, st_stairs_9,
          minmay_manual_mares

Skill      XL: |  1  2  3  4  5  6 |
---------------+-------------------+-----
Dodging        | 2 |  2.2
Long Blades    | 1 |  1.9
Armour         | 1 2 |  2.2
Fighting       | 3 |  3.8
Ranged Weapons | 5 |  5.8
Short Blades   | |  0.1
Stealth        | |  1.6
Shapeshifting  | |  0.8

Action                     |  1- 3 |  4- 6 || total
---------------------------+-------+-------++-------
  Melee: Long sword        |    51 |     5 ||    56
         Dagger            |       |    34 ||    34
   Fire: Shortbow          |    50 |   192 ||   242
    Use: Potion            |       |     5 ||     5
   Stab: Sleeping          |     1 |       ||     1
 Armour: Leather armour    |    43 |   129 ||   172
  Dodge: Dodged            |    46 |   129 ||   175
   Form: Beast             |     1 |       ||     1
                           |       |     1 ||     1

Table legend: (Time is in decaauts)
 A = Elapsed time spent in this place.
 B = Non-inter-level travel time spent in this place.
 C = Inter-level travel time spent in this place.
 D = Time resting spent in this place.
 E = Time spent auto-exploring this place.
 F = Levels seen in this place.
 G = Mean time per level.
                   A        B        C        D        E       F      G
               +--------+--------+--------+--------+--------+-----+--------+
         Total |   3723 |   3549 |    174 |    680 |   2147 |   4 |  930.8 |
       Dungeon |   3723 |   3549 |    174 |    680 |   2147 |   4 |  930.8 |
               +--------+--------+--------+--------+--------+-----+--------+

Top non-repeatable levels by time:
     D:3: 1469 daAuts
     D:2: 1218 daAuts
     D:1: 750 daAuts
     D:4: 285 daAuts
